 Dungeon Crawl Stone Soup version 0.28.0-53-g5a82cb258f (webtiles) character file.

Game seed: 8433217050164807996

105 Zeld the Insei (level 4, -1/29 HPs)
             Began as an Octopode Transmuter on May 22, 2022.
             Succumbed to a water moccasin's poison
             ... on level 3 of the Dungeon.
             The game lasted 00:02:22 (2579 turns).

Zeld the Insei (Octopode Transmuter)                Turns: 2579, Time: 00:02:23

Health: -1/29      AC:  2    Str: 11    XL:     4   Next: 83%
Magic:  6/8        EV: 19    Int: 15    God:
Gold:   111        SH:  0    Dex: 17    Spells: 2/8 levels left

rFire   . . .      SeeInvis .     - Unarmed
rCold   . . .      Faith    .   (shield currently unavailable)
rNeg    . . .      Spirit   .   (helmet currently unavailable)
rPois   x          Reflect  .   (no amulet)
rElec   .          Harm     .   (no ring)
rCorr   .          Rampage  .   (no ring)
Will    .....                   (no ring)
Stlth   ++........              (no ring)
HPRegen 0.09/turn               (no ring)
MPRegen 0.11/turn               (no ring)
                                (no ring)
                                (no ring)

@: lethally poisoned (-1 -> -9), spider-form (expiring)
A: venomous fangs, almost no armour, (amphibious), 8 rings, tiny, (camouflage
1), (gelatinous body 1), (nimble swimmer 1), (tentacles)
a: End Transformation


You were on level 3 of the Dungeon.
You were a venomous arachnid creature.
You visited 1 branch of the dungeon, and saw 3 of its levels.

You collected 111 gold pieces.

Inventory:

Hand Weapons
 a - a +2 dagger of flaming (melded)
Wands
 h - a wand of flame (17)
Scrolls
 b - a scroll of teleportation {unknown}
 c - a scroll of fog {unknown}
 d - a scroll of enchant weapon {unknown}
 e - a scroll of amnesia {unknown}
 i - a scroll of vulnerability {unknown}
 j - 2 scrolls of identify {unknown}
 k - a scroll of blinking {unknown}
Potions
 f - a potion of attraction {unknown}
 g - a potion of degeneration {unknown}
 l - a potion of haste {unknown}


   Skills:
 + Level 1.7 Fighting
 - Level 2.0 Dodging
 + Level 1.5 Stealth
 - Level 3.0 Unarmed Combat
 * Level 2.9 Spellcasting
 * Level 3.0 Transmutations
 + Level 1.2 Ice Magic
 + Level 1.2 Poison Magic


You had 2 spell levels left.
You knew the following spells:

 Your Spells              Type           Power      Damage    Failure   Level
a - Beastly Appendage     Tmut           22%        N/A       17%         1
b - Wereblood             Tmut           11%        N/A       22%         2
c - Spider Form           Tmut/Pois      8%         N/A       47%         3

Your spell library contained the following spells:

 Spells                   Type           Power      Damage    Failure   Level
 Passwall                 Tmut/Erth      5%         N/A       34%         2
 Ensorcelled Hibernation  Hex/Ice        8%         N/A       45%         2
 Swiftness                Air            2%         N/A       73%         3
 Ice Form                 Ice/Tmut       8%         N/A       82%         4


Dungeon Overview and Level Annotations

Branches:
Dungeon (3/15)

Altars:

Annotations:
D:3 1 runed translucent door, fingers's ghost, weakling DrBe


Innate Abilities, Weirdness & Mutations

You are a venomous arachnid creature.
You have poisonous fangs.
You are tiny and dextrous.
Your spellcasting is less reliable in this form.
Your armour is entirely melded.
You are incapable of wielding weapons or throwing items.
You cannot wear most types of armour.
((You are amphibious.))
You can wear up to eight rings at the same time.
((Your skin changes colour to match your surroundings (Stealth+).))
((Your rubbery body absorbs attacks. (AC +1, EV +1)))
((You are camouflaged when in or above water. (Stealth+)))
((You have tentacles for arms and can constrict up to eight enemies at once.))


Message History

Done waiting.
Things that are here:
a +0 short sword; 5 stones
Casting: Spider Form (quite dangerous; 26% risk of failure)
Confirm with . or Enter, or press ? or * to list all spells.
The spell is quite dangerous to miscast (26% risk of failure)!
Continue anyway?
You turn into a venomous arachnid creature.
Your +2 dagger of flaming melds into your body.
Your +2 dagger of flaming stops flaming.
The water moccasin hisses angrily.
You closely miss the water moccasin.
The water moccasin completely misses you.
The water moccasin bites you.
You are poisoned.
The water moccasin poisons you!
You hit the water moccasin.
The water moccasin is lightly wounded.
You feel very sick. The water moccasin closely misses you.
You closely miss the water moccasin.
The water moccasin is lightly wounded.
You feel very sick. The water moccasin misses you.
You barely miss the water moccasin.
The water moccasin is lightly wounded.
Your transformation is almost over.
You feel very sick.
The water moccasin bites you but does no damage.
The water moccasin bites you.
* * * LOW HITPOINT WARNING * * *
* * * LOW HITPOINT WARNING * * *
You feel very sick.
* * * LOW HITPOINT WARNING * * *
You feel sick. The water moccasin bites you.
* * * LOW HITPOINT WARNING * * *
Unknown command.
Unknown command.
Unknown command.
Unknown command.
You die...

..##....#...........
#.......#...........
#..#....#...........
##.# #..##.#########
#### ##.# #..#...'..#..
.#?.#
##.###..#...##.##.##...#
........###..#..#..#..#
........# ...##.##...#
######.#####..#)s#..# #
#.# ..##.S.## # #.##
#..#..## # #..# ..####
#..# .#####.## ........#
#..###..# #.# ##..#


You could see a water moccasin.

Vanquished Creatures
  A hound (D:3)
  Jessica (D:2)
  An adder (D:2)
  3 dart slugs (D:2)
  An orc (D:3)
  5 ball pythons
  A bat (D:1)
  3 endoplasms
  2 giant cockroaches
  A goblin (D:1)
  5 hobgoblins
  A quokka (D:1)
  2 frilled lizards
  4 kobolds
  3 rats
34 creatures vanquished.

Notes
Turn   | Place    | Note
-------+----------+-------------------------------------------
     0 | D:1      | Zeld the Octopode Transmuter began the quest for the Orb.
     0 | D:1      | Reached XP level 1. HP: 13/13 MP: 3/3
   501 | D:1      | Reached XP level 2. HP: 15/18 MP: 3/5
   504 | D:1      | Learned a level 2 spell: Wereblood
  1092 | D:2      | Noticed Jessica
  1096 | D:2      | Killed Jessica
  1097 | D:2      | Reached skill level 1 in Stealth
  1097 | D:2      | Reached XP level 3. HP: 8/23 MP: 4/6
  1101 | D:2      | Learned a level 3 spell: Spider Form
  1513 | D:2      | Found a faded altar of an unknown god.
  1586 | D:2      | Reached skill level 1 in Poison Magic
  1586 | D:2      | Reached XP level 4. HP: 28/28 MP: 5/7
  1743 | D:2      | Reached skill level 1 in Ice Magic
  2185 | D:3      | Found a runed translucent door.
  2185 | D:3      | Noticed fingers's ghost (weakling DrBe)
  2263 | D:3      | Noticed a water moccasin
  2578 | D:3      | HP: 1/29 [water moccasin (2)]
  2579 | D:3      | Succumbed to a water moccasin's poison

Illustrated notes

Levels and vault maps discovered:
D:1:      dpeg_arrival_shrine, layout_rooms
D:2:      layout_loops_ring, ebering_ecumenical_altar_rust, skrybe_limestone_x,
          minmay_misc_feat_nine_boxes, grunt_decor_arrowhead, uniq_jessica
D:3:      minmay_razor_zed, layout_rooms, nicolae_overflow_hidden_temple,
          hellmonk_ghost_happy_afterlife

Skill      XL: |  1  2  3  4 |
---------------+-------------+-----
Stealth        | 1 |  1.5
Poison Magic   | 1 |  1.2
Ice Magic      | 1 |  1.2
Transmutations | 3 |  3.0
Fighting       | |  1.7
Dodging        | |  2.0
Unarmed Combat | |  3.0
Spellcasting   | |  2.9

Action                   |  1- 3 |  4- 6 || total
-------------------------+-------+-------++-------
Melee: Unarmed           |    26 |     4 ||    30
       Constrict         |    12 |     4 ||    16
       Kick              |     8 |     1 ||     9
       Tentacles         |     8 |     1 ||     9
       Dagger            |    12 |    25 ||    37
       Punch             |       |     1 ||     1
 Cast: Beastly Appendage |    18 |     3 ||    21
       Spider Form       |       |     1 ||     1
 Stab: Sleeping          |     5 |     4 ||     9
Armor: Skin              |     5 |     2 ||     7
Dodge: Dodged            |    25 |    24 ||    49
